 Dungeon Crawl Stone Soup version 0.29.1-2-gbd0b4ee654 (webtiles) character file.

Game seed: 5817336620765516108

221 Huetiris the Covered (level 5, -3/46 HPs)
             Began as a Minotaur Fighter on Nov 9, 2022.
             Slain by a centaur zombie (4 damage)
             ... in an ossuary.
             The game lasted 00:16:21 (1534 turns).

Huetiris the Covered (Minotaur Fighter)             Turns: 1534, Time: 00:16:22

Health: -3/46      AC:  9    Str: 22    XL:     5   Next: 65%
Magic:  4/4        EV:  8    Int:  5    God:
Gold:   118        SH:  4    Dex: 10    Spells: 4/4 levels left

rFire   . . .      SeeInvis .   e - +2 flail (holy)
rCold   . . .      Faith    .   c - +0 buckler
rNeg    . . .      Spirit   .   l - +0 chain mail
rPois   .          Reflect  .   (helmet restricted)
rElec   .          Harm     .   (no cloak)
rCorr   .          Rampage  .   (no gloves)
Will    .....                   (no boots)
Stlth   ..........              (no amulet)
HPRegen 0.15/turn               (no ring)
MPRegen 0.09/turn               (no ring)

@: mighty, brilliant, flying (expiring)
A: horns 2, retaliatory headbutt
a: no special abilities


You were in an ossuary.
You visited 1 branch of the dungeon, and saw 3 of its levels.
You also visited: Ossuary.

You collected 118 gold pieces.

Inventory:

Hand Weapons
 a - a +0 war axe
 e - a +2 flail of holy wrath (weapon)
 v - a +2 hand axe of freezing
Missiles
 f - 2 poisoned darts
Armour
 b - a +0 scale mail
 c - a +0 buckler (worn)
 g - a +0 helmet
 j - a +0 ring mail
 l - a +0 chain mail (worn)
 p - a +0 chain mail
 s - a +2 leather armour of cold resistance
Magical Staves
 m - a staff of poison
Wands
 r - a wand of flame (12) (quivered)
Scrolls
 o - a scroll of summoning {unknown}
 t - a scroll of magic mapping {unknown}
Potions
 k - 2 potions of haste
 q - a potion of berserk rage {unknown}
 u - a potion of invisibility {unknown}


   Skills:
 + Level 4.2 Fighting
 + Level 2.4(3.5) Axes
 + Level 3.8(4.2) Maces & Flails
 + Level 5.1 Armour
 + Level 1.2 Dodging
 + Level 0.2 Stealth
 + Level 4.5 Shields
 + Level 0.1 Evocations


You had 4 spell levels left.
You didn't know any spells.
Your spell library contained the following spells:

 Spells                   Type           Power      Damage    Failure   Level
 Magic Dart               Conj           0%         1d3       99%         1
 Call Imp                 Summ           0%         N/A       100%        2
 Ignite Poison            Fire/Tmut/Pois 0%         N/A       100%        3
 Mephitic Cloud           Conj/Pois/Air  0%         N/A       100%        3
 Fireball                 Conj/Fire      0%         3d3       100%        5
 Freezing Cloud           Conj/Ice/Air   0%         6-21      100%        5
 Iskenderun's Battlesphe  Conj           0%         2d6       100%        5
 Conjure Ball Lightning   Conj/Air       0%         3x3d6     100%        6
 Orb of Destruction       Conj           0%         9d5       100%        7


Dungeon Overview and Level Annotations

Branches:
Dungeon (4/15)             Temple (0/1) D:4         Ossuary (1/1)

Altars:
Makhleb


Innate Abilities, Weirdness & Mutations

You have a pair of horns on your head.
You reflexively headbutt those who attack you in melee.


Message History

The centaur zombie closely misses you. You block the centaur zombie's attack.
The centaur zombie hits you but does no damage.
The centaur zombie kicks you but does no damage.
The scorpion zombie barely misses you. You furiously retaliate!
You headbutt the scorpion zombie!
Your Armour skill increases to level 5!
Aiming: Throw Flame
Press: ? - help, Q - select action, (/) - cycle Shift-Dir - straight line, f - centaur zombie
Aim: a centaur zombie (100% to hit)
The puff of flame hits the centaur zombie.
The centaur zombie is lightly damaged.
You block the centaur zombie's attack.
The centaur zombie kicks you but does no damage.
The scorpion zombie hits you.
* * * LOW HITPOINT WARNING * * *
The scorpion zombie closely misses you. You furiously retaliate!
You headbutt the scorpion zombie.
You feel very mighty all of a sudden. The centaur zombie barely misses you.
The centaur zombie kicks you but does no damage.
The scorpion zombie hits you.
* * * LOW HITPOINT WARNING * * *
The scorpion zombie hits you but does no damage.
You sock the scorpion zombie!
The scorpion zombie convulses.
You headbutt the scorpion zombie.
The scorpion zombie is severely damaged.
The centaur zombie barely misses you. You furiously retaliate!
You headbutt the centaur zombie.
The centaur zombie kicks you but does no damage.
The centaur zombie completely misses you.
The centaur zombie kicks you but does no damage.
The scorpion zombie hits you but does no damage.
The scorpion zombie barely misses you. You furiously retaliate!
You headbutt the scorpion zombie!
You destroy the scorpion zombie!
You block the centaur zombie's attack.
The centaur zombie kicks you but does no damage.
The scorpion zombie barely misses you. The centaur zombie hits you.
You die...

######### ...#...#
...8...# .......#
##############8...8##
#...#...#...#.......#
#.∩.'...8...#...8...#
#...#.......#Z.Z#
##'###8...8###@######
#...#.......#...#M?.#
#.∩.#...8...'...#?.!+
#...#...#...#...#???#
#####################


You could see a mummy, a scorpion zombie and a centaur zombie.

Vanquished Creatures
  A scorpion (Ossuary)
  A hound (D:4)
  An iguana (D:4)
  2 scorpion zombies (Ossuary)
  An adder (D:2)
  9 orcs (D:4)
  6 bats
  2 endoplasms (D:4)
  A giant cockroach (D:1)
  3 goblins
  4 hobgoblins (D:1)
  2 jackals (D:4)
  2 quokkas (D:1)
  3 ball pythons (D:1)
  A frilled lizard (D:1)
  A goblin zombie (Ossuary)
  2 kobolds
  A rat (D:1)
43 creatures vanquished.

Notes
Turn   | Place    | Note
-------+----------+-------------------------------------------
     0 | D:1      | Huetiris the Minotaur Fighter began the quest for the Orb.
     0 | D:1      | Reached XP level 1. HP: 19/19 MP: 0/0
   150 | D:1      | Reached XP level 2. HP: 25/27 MP: 1/1
   336 | D:1      | Reached skill level 1 in Maces & Flails
   433 | D:1      | Reached skill level 4 in Armour
   973 | D:2      | Reached XP level 3. HP: 27/33 MP: 2/2
  1040 | D:2      | You fall into a shaft and drop 2 floors!
  1040 | D:4      | Found a staircase to the Ecumenical Temple.
  1274 | D:4      | Reached XP level 4. HP: 40/40 MP: 3/3
  1353 | D:4      | Found a burning altar of Makhleb.
  1480 | D:4      | Found a sand-covered staircase.
  1485 | Ossuary  | Entered an ossuary
  1493 | Ossuary  | Noticed a scorpion
  1503 | Ossuary  | Killed a scorpion
  1504 | Ossuary  | Reached skill level 1 in Dodging
  1504 | Ossuary  | Reached XP level 5. HP: 6/46 MP: 4/4
  1507 | Ossuary  | HP: 2/46 [poisoned by a scorpion]
  1530 | Ossuary  | Reached skill level 5 in Armour
  1531 | Ossuary  | HP: 1/46 [scorpion zombie (5)]
  1534 | Ossuary  | Slain by a centaur zombie

Illustrated notes

Levels and vault maps discovered:
D:1:      ebering_hopf_link, layout_basic
D:2:      layout_rooms, serial_shops, nicolae_shop_advertising_works
          [nicolae_subvault_shop_adworks],
          hellmonk_ecumenical_altar_heavens_door, minmay_tall_x
D:4:      layout_layer_cave, makhleb_heckhound_becter, minmay_temple_entry_grid,
          enter_ossuary_2
Ossuary:  ossuary_minmay_scorpions

Skill      XL: |  1  2  3  4  5 |
---------------+----------------+-----
Maces & Flails | 1 2 3 |  3.8
Armour         | 4 5 |  5.1
Shields        | 4 |  4.5
Fighting       | 4 |  4.2
Dodging        | 1 |  1.2
Axes           | |  2.4
Stealth        | |  0.2
Evocations     | |  0.1

Action                   |  1- 3 |  4- 6 || total
-------------------------+-------+-------++-------
Melee: Flail             |    52 |    27 ||    79
       Headbutt          |     7 |     6 ||    13
Evoke: Wand              |       |     4 ||     4
  Use: Scroll            |     5 |       ||     5
       Potion            |       |     4 ||     4
Armor: Scale mail        |    10 |       ||    10
       Chain mail        |    16 |    27 ||    43
Dodge: Dodged            |    19 |    20 ||    39
Block: Buckler           |     9 |    10 ||    19
